 Dungeon Crawl Stone Soup version 0.31-a0-263-ge8cad7f256 (webtiles) character file.

Game seed: 9581768275473903290

16 Shard1697 the Caller (level 2, -2/30 HPs)
             Began as a Draconian Summoner on July 13, 2023.
             Succumbed to a kobold's poison
             ... on level 1 of the Dungeon.
             The game lasted 00:00:41 (227 turns).

Shard1697 the Caller (Draconian Summoner)            Turns: 227, Time: 00:00:42

Health: -2/30      AC: 21    Str: 10    XL:     2   Next: 41%
Magic:  3/5        EV:  2    Int: 15    God:
Gold:   26         SH:  0    Dex: 11    Spells: 5/6 levels left

rFire   . . .        c - +0 quarterstaff
rCold   . . .        (shield currently unavailable)
rNeg    . . .        (body armour unavailable)
rPois   +            (helmet currently unavailable)
rElec   .            g - melded +0 cloak
rCorr   .            (gloves currently unavailable)
SInv    .            f - melded +0 pair of boots
Will    .....        (no amulet)
Stlth   ++           (no ring)
HPRegen 0.25/turn    (no ring)
MPRegen 0.09/turn

%: no passive effects
@: mighty, lethally poisoned (-2 -> -14), tree-form
A: stationary, stasis, torment immunity, boosted hp, AC +4, unfitting armour,
(cold-blooded)
a: no special abilities


You were on level 1 of the Dungeon.
You were a tree.
You visited 1 branch of the dungeon, and saw 1 of its levels.

You collected 26 gold pieces.

Inventory:

Hand Weapons
 c - a +0 quarterstaff (weapon)
Armour
 f - a +0 pair of boots (melded)
 g - a +0 cloak (melded)
Jewellery
 d - a ring of fire
Scrolls
 e - a scroll of identify {unknown}
 h - a scroll of poison {unknown}
Potions
 a - a potion of magic
 b - a potion of lignification
 i - a potion of might


   Skills:
 - Level 1.7 Dodging
 - Level 1.7 Stealth
 + Level 2.5 Spellcasting
 + Level 4.3 Summonings


You had 5 spell levels left.
You knew the following spells:

 Your Spells              Type           Power      Damage    Failure   Level
a - Summon Small Mammal   Summ           56%        N/A       3%          1

Your spell library contained the following spells:

 Spells                   Type           Power      Damage    Failure   Level
 Call Imp                 Summ           28%        N/A       5%          2
 Call Canine Familiar     Summ           14%        N/A       11%         3
 Summon Guardian Golem    Hex/Summ       8%         N/A       26%         3
 Summon Lightning Spire   Summ/Air       8%         N/A       65%         4


Dungeon Overview and Level Annotations

Branches:
Dungeon (1/15)

Altars:


Innate Abilities, Weirdness & Mutations

You are a tree.
Your roots penetrate the ground, keeping you stationary.
You cannot be teleported.
You are immune to unholy pain and torment.
Your maximum health is greatly increased.
Your equipment is partially melded.
((Your plain brown scales are hard. (AC +4)))
You cannot fit into any form of body armour.
((You are cold-blooded and may be slowed by cold attacks.))


Message History

Your quokka bites the kobold but does no damage.
The jackal bites your quokka. The kobold misses you.
A goblin comes into view. It is wielding a +0 dagger.
Your quokka closely misses the kobold.
The jackal bites you but does no damage.
Your quokka completely misses the kobold.
The kobold hits you with a +2 dagger of venom.
You are poisoned.
The jackal misses your quokka.
Your quokka misses the kobold. You closely miss the kobold.
You feel very sick.
The jackal bites you but does no damage.
Your quokka completely misses the kobold.
The jackal bites your quokka.
Your quokka dies!
Your quokka's corpse disappears in a puff of smoke!
The jackal barely misses you.
The kobold hits you with a +2 dagger of venom.
You are lethally poisoned!
Your quokka closely misses the kobold.
The jackal attacks as you move away!
The jackal bites you but does no damage.
* * * LOW HITPOINT WARNING * * *
You feel very sick.
The jackal bites you but does no damage.
Your quokka misses the ball python.
It was a potion of lignification.
You turn into a tree.
Your +0 cloak melds into your body.
Your +0 pair of boots melds into your body.
Your roots penetrate the ground.
* * * LOW HITPOINT WARNING * * *
You feel very sick.
The jackal bites you but does no damage.
The jackal bites you.
* * * LOW HITPOINT WARNING * * *
Your quokka completely misses the ball python.
The jackal bites you but does no damage.
It was a potion of might.
You feel very mighty all of a sudden.
You die...

...........# # #.
...........# #.
...........#
........[..#
..)........##
............#
.......rSK#......
........hh######..
#####.#h♣.......
#.g########. ##.
#. #. # #. .. .. #
..


You could see 3 jackals, a goblin, a ball python, a kobold (ally target) and a
friendly quokka (summoned).

Vanquished Creatures
  A dart slug (D:1)
  A ball python (D:1)
  A giant cockroach (D:1)
  A goblin (D:1)
  A hobgoblin (D:1)
  3 jackals (D:1)
  A kobold (D:1)
  A rat (D:1)
10 creatures vanquished.

Vanquished Creatures (collateral kills)
  A quokka (D:1)
  A frilled lizard (D:1)
2 creatures vanquished.

Grand Total: 12 creatures vanquished

Notes
Turn   | Place    | Note
-------+----------+-------------------------------------------
     0 | D:1      | Shard1697 the Draconian Summoner began the quest for the
                  | Orb.
     0 | D:1      | Reached XP level 1. HP: 14/14 MP: 3/3
   176 | D:1      | Reached XP level 2. HP: 20/20 MP: 5/5
   226 | D:1      | HP: 1/30 [jackal (1)]
   227 | D:1      | Succumbed to a kobold's poison

Illustrated notes

Levels and vault maps discovered:
D:1:      dpeg_arrival_orchard, layout_rooms

Action                     || total
---------------------------++-------
  Melee: Quarterstaff      ||    43
         Tailslap          ||     6
   Cast: Summon Small Mamm ||     7
    Use: Potion            ||     2
 Armour: Skin              ||    23
  Dodge: Dodged            ||    47

Table legend: (Time is in decaauts)
 A = Elapsed time spent in this place.
 B = Non-inter-level travel time spent in this place.
 C = Inter-level travel time spent in this place.
 D = Time resting spent in this place.
 E = Time spent auto-exploring this place.
 F = Levels seen in this place.
 G = Mean time per level.
                   A        B        C        D        E       F      G
               +--------+--------+--------+--------+--------+-----+--------+
         Total |    239 |    239 |      0 |      0 |     91 |   1 |  239.0 |
       Dungeon |    239 |    239 |      0 |      0 |     91 |   1 |  239.0 |
               +--------+--------+--------+--------+--------+-----+--------+

Top non-repeatable levels by time:
     D:1: 239 daAuts
